AoeStats
← Tesistaní

Arena

510820986Analyzed
3v3 RM · 17h ago on Oct 2, 2026· 50m 34s· 6 players
Game mode
Random Map
Map size
Normal (6 player)
Population
200
Speed
Normal
Resources
Standard
Victory
Conquest
Starting age
Dark Age
Ending age
Imperial Age
RankedLock teamsTeams togetherTeam positionsShared explorationLock speedFull tech treeHidden civsTurbo modeCheats
Victory
Defeat
🇲🇽 Britons · Mexico
1092
+14
🇲🇽 Mongols · Mexico
1086
+14
🇲🇽 Franks · Mexico
1082
+15
🇨🇳 Malians · China
1071
-15
🇨🇳 Goths · China
1065
-15
🇨🇳 Khmer · China
1024
-13
嘿咻
0:41 Loom
11:44 Feudal Age
12:42 Horse Collar
12:51 Double-Bit Axe
17:21 Castle Age
20:06 Scale Mail Armor
21:22 Squires
20:42 Man-at-Arms
25:08 Long Swordsman
26:16 Pikeman
27:29 Forging
27:35 Chain Mail Armor
28:44 Wheelbarrow
28:19 Town Watch
32:45 Imperial Age
30:49 Fletching
33:08 Iron Casting
33:12 Bodkin Arrow
33:38 Masonry
32:59 Two-Handed Swordsman
34:04 Hand Cart
34:37 Halberdier
35:52 Champion
37:16 Conscription
43:19 Sappers
1277765061
9:27 Feudal Age
9:55 Double-Bit Axe
14:57 Castle Age
14:44 Horse Collar
15:55 Bow Saw
19:35 Loom
32:44 Imperial Age
42:57 Heavy Plow
44:40 Fletching
44:50 Padded Archer Armor
45:06 Gold Mining
45:41 Double Crossbow
46:37 Bodkin Arrow
46:57 Leather Archer Armor
48:15 Chemistry
47:36 Ballistics
49:03 Ring Archer Armor
48:34 Bracer
49:37 Bloodlines
49:27 Husbandry
水水火火
8:25 Loom
11:50 Feudal Age
17:15 Castle Age
16:23 Double-Bit Axe
16:20 Horse Collar
20:31 Heavy Plow
21:41 Bow Saw
25:07 Wheelbarrow
24:18 Town Watch
29:46 Imperial Age
27:34 Scale Barding Armor
27:44 Forging
28:55 Bloodlines
28:46 Husbandry
29:26 Chain Barding Armor
29:41 Gold Mining
30:40 Iron Casting
31:28 Plate Barding Armor
31:17 Conscription
30:49 Cavalier
32:10 Farimba
33:18 Gold Shaft Mining
33:57 Capped Ram
35:41 Scale Mail Armor
35:36 Fletching
40:49 Scale Mail Armor
40:45 Bodkin Arrow
46:20 Light Cavalry
Dopamine
0:30 Loom
11:12 Feudal Age
12:10 Horse Collar
13:00 Double-Bit Axe
16:32 Castle Age
14:47 Double-Bit Axe
15:48 Fletching
16:38 Stone Mining
16:40 Gold Mining
17:22 Bow Saw
17:21 Padded Archer Armor
21:25 Ballistics
24:31 Yeomen
27:10 Imperial Age
27:31 Heavy Plow
28:04 Bodkin Arrow
29:38 Yeomen
29:20 Man-at-Arms
30:54 Bracer
31:45 Wheelbarrow
32:42 Chemistry
31:26 Pikeman
32:52 Leather Archer Armor
32:49 Forging
32:27 Long Swordsman
34:24 Two-Man Saw
33:07 Halberdier
33:51 Squires
33:36 Arson
34:41 Hand Cart
34:11 Two-Handed Swordsman
35:29 Leather Archer Armor
36:43 Warwolf
39:42 Iron Casting
39:10 Scale Mail Armor
40:03 Gold Shaft Mining
39:17 Town Watch
40:03 Ring Archer Armor
42:13 Blast Furnace
41:29 Chain Mail Armor
42:12 Elite Longbowman
47:39 Champion
48:28 Caravan
Tesistaní
8:26 Loom
10:12 Feudal Age
15:13 Castle Age
16:16 Double-Bit Axe
24:14 Fletching
27:31 Murder Holes
28:29 Treadmill Crane
31:24 Bodkin Arrow
32:58 Forging
33:23 Husbandry
35:59 Wheelbarrow
36:50 Pikeman
38:58 Squires
41:01 Iron Casting
43:07 Scale Barding Armor
46:49 Imperial Age
44:57 Chain Barding Armor
46:17 Hand Cart
46:10 Arson
46:28 Scale Mail Armor
46:56 Gold Mining
46:57 Stone Mining
47:20 Bow Saw
47:01 Halberdier
47:30 Arson
49:31 Blast Furnace
48:03 Cavalier
51:41 Plate Barding Armor
[GDL] Aníbal
9:53 Feudal Age
11:56 Wheelbarrow
11:37 Double-Bit Axe
14:33 Castle Age
14:02 Horse Collar
14:53 Forging
16:09 Bow Saw
18:06 Loom
21:05 Heavy Plow
22:33 Hand Cart
25:21 Gold Mining
27:46 Gold Shaft Mining
27:02 Stone Mining
30:39 Imperial Age
27:56 Town Watch
29:21 Bloodlines
29:11 Husbandry
29:41 Nomads
31:46 Iron Casting
31:17 Scale Barding Armor
31:12 Padded Archer Armor
32:18 Conscription
32:15 Fletching
33:02 Elite Steppe Lancer
34:39 Capped Ram
35:47 Chain Barding Armor
35:51 Thumb Ring
36:23 Siege Ram
37:58 Stone Shaft Mining
38:52 Blast Furnace
37:47 Bodkin Arrow
38:17 Ballistics
38:41 Leather Archer Armor
38:53 Parthian Tactics
39:30 Chemistry
40:16 Light Cavalry
41:33 Masonry
41:34 Fortified Wall
41:19 Murder Holes
41:30 Siege Engineers
43:47 Hoardings
44:05 Elite Mangudai
45:07 Fervor
44:58 Atonement
45:48 Hussar
46:51 Drill
47:58 Onager
49:37 Sappers
50:15 Siege Onager
Connection lost

Rejoining the realm…

Still unreachable

The connection could not be restored.

Session expired

The server has moved on; the page needs a fresh start.